 Dungeon Crawl Stone Soup version 0.31-a0-18-gea43df2a32 (webtiles) character file.

Game seed: 18240405945406281522

39 subawu the Trooper (level 3, -3/29 HPs)
             Began as a Demonspawn Chaos Knight on May 12, 2023.
             Was a Plaything of Xom.
             Slain by a gnoll
             ... wielding a +2 whip of venom
              (7 damage)
             ... on level 2 of the Dungeon.
             The game lasted 00:05:04 (1614 turns).

subawu the Trooper (Demonspawn Chaos Knight)        Turns: 1614, Time: 00:05:04

Health: -3/29      AC:  5    Str: 14      XL:     3   Next: 28%
Magic:  3/3        EV: 11    Int: 12 (13) God:    Xom [*.....]
Gold:   63         SH:  0    Dex: 12      Spells: 2/2 levels left

rFire   . . .        m - +0 whip
rCold   . . .        (no shield)
rNeg    . . .        b - +2 leather armour
rPois   .            (helmet restricted)
rElec   .            (no cloak)
rCorr   .            (no gloves)
SInv    .            (no boots)
Will    .....        (no amulet)
Stlth   +            (no ring)
HPRegen 0.24/turn    (no ring)
MPRegen 0.08/turn

%: no passive effects
@: no status effects
A: antennae 1
a: Renounce Religion


You were on level 2 of the Dungeon.
You worshipped Xom.
You were a special plaything of Xom.
You visited 1 branch of the dungeon, and saw 2 of its levels.

You collected 63 gold pieces.

Inventory:

Hand Weapons
 a - a +0 hand axe of chaos
 f - a +0 club
 i - a +1 dagger of pain
 m - a +0 whip (weapon)
Missiles
 e - 3 datura-tipped darts
 g - 4 poisoned darts
Armour
 b - a +2 leather armour (worn)
Scrolls
 d - a scroll of torment {unknown}
 h - a scroll of acquirement {unknown}
 j - a scroll of poison {unknown}
 k - a scroll of identify {unknown}
 o - a scroll of blinking {unknown}
 p - a scroll of immolation {unknown}
 q - a scroll of butterflies {unknown}
Potions
 l - a potion of brilliance {unknown}
 n - a potion of berserk rage {unknown}
 r - a potion of heal wounds {unknown}
Miscellaneous
 c - a piece from Xom's chessboard (15/15) (quivered)


   Skills:
 + Level 3.4 Fighting
 + Level 3.1 Axes
 + Level 2.2 Armour
 + Level 1.5 Dodging


You had 2 spell levels left.
You didn't know any spells.
Your spell library contained the following spells:

 Spells                   Type           Power      Damage    Failure   Level
 Kiss of Death            Conj/Necr      0%         2d5       38%         1
 Confusing Touch          Hex            0%         N/A       77%         3
 Dispel Undead            Necr           0%         3d6       99%         4


Dungeon Overview and Level Annotations

Branches:
Dungeon (2/15)

Altars:


Innate Abilities, Weirdness & Mutations

You have a pair of small antennae on your head.


Message History

The rat barely misses you. The rat bites you but does no damage.
You hit the rat.
You kill the rat!
r - a grey potion A kobold comes into view.
It is wielding a +0 whip.
Found a stone staircase leading down.
A gnoll comes into view. It is wielding a +0 whip.
A gnoll comes into view. It is wielding a +2 whip of venom.
The gnoll shouts!
The gnoll moves out of view.
A gnoll comes into view. It is wielding a +0 spear.
The gnoll shouts!
You hit the gnoll.
The gnoll is moderately wounded.
The gnoll hits you with a +0 whip.
You completely miss the gnoll.
The gnoll is moderately wounded.
The gnoll hits you but does no damage.
You hit the gnoll but do no damage.
The gnoll is moderately wounded.
The gnoll hits you but does no damage.
You hit the gnoll but do no damage.
The gnoll is moderately wounded.
The gnoll hits you from afar with a +0 spear.
The gnoll hits you with a +2 whip of venom.
The gnoll hits you but does no damage. The gnoll hits you with a +0 whip!
You hit the gnoll.
The gnoll is heavily wounded.
The gnoll barely misses you. The gnoll hits you with a +0 spear.
The gnoll hits you with a +0 whip. The gnoll attacks as you move away!
The gnoll hits you with a +0 spear.
* * * LOW HITPOINT WARNING * * *
The gnoll hits you from afar with a +0 spear.
* * * LOW HITPOINT WARNING * * *
The gnoll misses you.
You hit the gnoll.
The gnoll is heavily wounded.
The gnoll hits you with a +2 whip of venom!
You die...

~.P≈~~≈≈≈≈≈≈~~
...~≈P≈~≈≈≈≈≈
..~~.~~≈~~≈≈
....P.~~≈~≈
#......~.~.
#.........~
+..g.......
#..g.......
##g@#####.#
#..# #..# #..#
#..# #..#
#######.<#
.....#...#
#.....#


You could see 3 gnolls.

Vanquished Creatures
  3 bats (D:1)
  7 endoplasms (D:1)
  A giant cockroach (D:1)
  5 goblins (D:1)
  3 hobgoblins (D:1)
  4 kobolds
  2 quokkas (D:1)
  2 ball pythons (D:1)
  8 rats
35 creatures vanquished.

Notes
Turn   | Place    | Note
-------+----------+-------------------------------------------
     0 | D:1      | subawu the Demonspawn Chaos Knight began the quest for the
                  | Orb.
     0 | D:1      | Reached XP level 1. HP: 18/18 MP: 1/1
    17 | D:1      | XOM: silly message
    37 | D:1      | Reached skill level 1 in Dodging
   225 | D:1      | Gained mutation: You have a pair of small antennae on your
                  | head. [demonic ancestry]
   225 | D:1      | Reached XP level 2. HP: 17/24 MP: 2/2
   277 | D:1      | XOM: silly message
   877 | D:1      | Reached XP level 3. HP: 24/29 MP: 3/3
  1041 | D:1      | XOM: torment (16/29 hp)
  1042 | D:1      | XOM: summons 3 hostile shadow creatures
  1320 | D:1      | XOM is BORED!
  1320 | D:1      | XOM: stat loss: -1 Int (12/13)
  1614 | D:2      | Slain by a gnoll

Illustrated notes

Levels and vault maps discovered:
D:1:      sevenhm_arrival_forest_fort_small_6, layout_loops_corners,
          hangedman_decor_lopped, minmay_pentomino_w4
D:2:      layout_basic, st_stairs_4, dk_noncrumbling_2,
          minmay_misc_feat_encased, skrybe_limestone_x, chequers_big_river

Skill      XL: |  1  2 |
---------------+-------+-----
Dodging        | 1 |  1.5
Armour         | 2 |  2.2
Axes           | 3 |  3.1
Fighting       | |  3.4

Action                     || total
---------------------------++-------
  Melee: Hand axe          ||    21
         Club              ||    71
         Whip              ||    48
         Punch             ||     1
 Armour: Leather armour    ||    74
  Dodge: Dodged            ||    85

Table legend: (Time is in decaauts)
 A = Elapsed time spent in this place.
 B = Non-inter-level travel time spent in this place.
 C = Inter-level travel time spent in this place.
 D = Time resting spent in this place.
 E = Time spent auto-exploring this place.
 F = Levels seen in this place.
 G = Mean time per level.
                   A        B        C        D        E       F      G
               +--------+--------+--------+--------+--------+-----+--------+
         Total |   1632 |   1608 |     24 |    254 |    293 |   2 |  816.0 |
       Dungeon |   1632 |   1608 |     24 |    254 |    293 |   2 |  816.0 |
               +--------+--------+--------+--------+--------+-----+--------+

Top non-repeatable levels by time:
     D:1: 1490 daAuts
     D:2: 141 daAuts
